 Dungeon Crawl Stone Soup version 0.29.1-12-g30fa7ad0bf (webtiles) character file.

Game seed: 3073995399315304974

2349 croobank the Shield-Bearer (level 9, -12/80 (81) HPs)
             Began as a Minotaur Fighter on Dec 24, 2022.
             Was a Follower of Qazlal.
             Mangled by an orc warrior
             ... wielding a +0 trident
              (14 damage)
             ... on level 6 of the Dungeon.
             The game lasted 00:17:10 (7277 turns).

croobank the Shield-Bearer (Minotaur Fighter)       Turns: 7277, Time: 00:17:11

HP:   -12/80 (81)   AC:  9    Str: 25    XL:     9   Next: 20%
MP:   19/19         EV:  8    Int:  5    God:    Qazlal [*.....]
Gold: 293           SH: 12    Dex: 10    Spells: 7/8 levels left

rFire   . . .      SeeInvis +   a - +3 war axe
rCold   . . .      Faith    +   k - +0 kite shield
rNeg    . . .      Spirit   .   b - +0 scale mail
rPois   .          Reflect  .   (helmet restricted)
rElec   .          Harm     .   (no cloak)
rCorr   .          Rampage  .   v - +0 pair of gloves
Will    .....                   (no boots)
Stlth   ..........              u - amulet of faith
HPRegen 0.23/turn               p - ring of see invisible
MPRegen 0.16/turn               y - ring of magical power

@: lightly drained
A: horns 2, retaliatory headbutt
a: Renounce Religion


You were on level 6 of the Dungeon.
You worshipped Qazlal.
Qazlal was aware of your devotion.
You visited 2 branches of the dungeon, and saw 8 of its levels.

You collected 293 gold pieces.

Inventory:

Hand Weapons
 a - a +3 war axe (weapon)
 d - a +0 glaive
 g - a +0 short sword of flaming
 i - a +0 vorpal long sword
 x - a +5 flail of protection
Missiles
 n - 7 poisoned darts (quivered)
 q - 7 boomerangs
 z - a throwing net
Armour
 b - a +0 scale mail (worn)
 c - a +0 buckler
 h - +0 steam dragon scales
 j - the +1 leather armour of the Volcano {Harm Drain Fly Slay+4}
   (You found it on level 3 of the Dungeon)

   Slay:      It affects your accuracy & damage with ranged weapons and melee
   (+4).
   Fly:       It grants you flight.
   Drain:     It drains your maximum health when unequipped.
   Harm:      It increases damage dealt and taken.
 k - a +0 kite shield (worn)
 v - a +0 pair of gloves (worn)
Magical Staves
 e - a staff of conjuration
Jewellery
 p - a ring of see invisible (left hand)
 u - an amulet of faith (around neck)
 y - a ring of magical power (right hand)
 A - an amulet of magic regeneration
Wands
 m - a wand of flame (24)
Scrolls
 f - 2 scrolls of fear
 t - 2 scrolls of teleportation
Potions
 l - 2 potions of curing
 o - a potion of flight
 r - a potion of brilliance
 s - a potion of attraction
 w - a potion of lignification {unknown}


   Skills:
 + Level 7.8 Fighting
 + Level 7.4 Axes
 + Level 7.8 Armour
 + Level 7.9 Shields
 + Level 3.8 Invocations


You had 7 spell levels left.
You knew the following spells:

 Your Spells              Type           Power      Damage    Failure   Level
a - Apportation           Tloc           0%         N/A       96%         1

Your spell library contained the following spells:

 Spells                   Type           Power      Damage    Failure   Level
 Magic Dart               Conj           0%         1d3       96%         1
 Necrotise                Necr           0%         1d4       96%         1
 Summon Small Mammal      Summ           0%         N/A       96%         1
 Blink                    Tloc           0%         N/A       99%         2
 Call Imp                 Summ           0%         N/A       99%         2
 Ignite Poison            Fire/Tmut/Pois 0%         N/A       100%        3
 Lesser Beckoning         Tloc           0%         N/A       100%        3
 Mephitic Cloud           Conj/Pois/Air  0%         N/A       100%        3
 Summon Guardian Golem    Hex/Summ       0%         N/A       100%        3
 Freezing Cloud           Conj/Ice/Air   0%         6-21      100%        5
 Manifold Assault         Tloc           0%         N/A       100%        5
 Orb of Destruction       Conj           0%         9d5       100%        7
 Spellforged Servitor     Conj/Summ      0%         N/A       100%        7


Dungeon Overview and Level Annotations

Branches:
Dungeon (7/15)             Temple (1/1) D:5

Altars:
Ashenzari
Cheibriados
Dithmenos
Elyvilon
Fedhas
Gozag
Hepliaklqana
Kikubaaqudgha
Makhleb
Nemelex Xobeh
Okawaru
Qazlal
Ru
Sif Muna
Trog
Uskayaw
Vehumet
Wu Jian
Xom
Yredelemnul
Zin
The Shining One

Shops:
D:6 :   D:7 ?

Annotations:
D:7 Joseph


Innate Abilities, Weirdness & Mutations

You have a pair of horns on your head.
You reflexively headbutt those who attack you in melee.


Message History

You hit the orc warrior but do no damage.
The orc warrior hits you with a +0 trident!
You barely miss the orc warrior. The orc priest barely misses you.
You block the orc warrior's attack. You block the orc priest's attack.
The orc warrior hits you from afar with a +0 trident.
The orc priest mumbles some strange prayers to Beogh against you.
Beogh smites you!
Joseph unwields a +0 quarterstaff.
Joseph wields a +1 sling of flaming.
It bursts into flame!
Joseph shoots a sling bullet.
The sling bullet barely misses you.
There is a stone staircase leading up here.
Things that are here:
a +0 leather armour; a +0 dagger You block the orc priest's attack.
You block the orc warrior's attack.
Joseph shoots a sling bullet.
The sling bullet hits you! The sling bullet burns you.
There is a stone staircase leading up, spattered with blood here.
The orc priest hits you with a +0 trident.
You block the orc warrior's attack.
You climb upwards.
There is a stone staircase leading down here.
The orc priest attacks as you move away!
The orc priest hits you with a +0 trident.
The orc priest invokes the aid of Beogh against you.
You struggle to resist.
The orc warrior hits you but does no damage.
There is an open door here.
The orc priest calls down the wrath of Beogh upon you.
Beogh smites you!
* * * LOW HITPOINT WARNING * * *
The orc priest barely misses you.
The orc priest invokes the aid of Beogh against you.
Beogh smites you!
* * * LOW HITPOINT WARNING * * *
You closely miss the orc priest. You block the orc priest's attack.
The orc priest mumbles some strange prayers to Beogh against you.
You struggle to resist.
You barely miss the orc priest. The orc priest barely misses you.
The orc warrior hits you from afar with a +0 trident!
You die...

...#.#.....[.......#...#...##....
...#.#.............#...#†..##.##.
...#.#....<........#...#..###.##.
...#.#.............#...#..# #.##.
...#.#.............#...#..# #.##.
...#.#.............#...#..# #.#..
...#.+.........>...#...#..###.#.#
...#.###############...#..#.....#
...#............@oo....#..#.....#
...##################'##..#.....#
..................)..o>...#.....#
.......................)..#.....#
#########.....#######)#####.....#
#...).# #.# ###'#.# #.....# #.#
#.#.# ## #.....# ####)#######.#..
.########.....# #...).....##.###


You could see an orc warrior and an orc priest.

Vanquished Creatures
  Maggie (D:6)
  Grinder (D:4)
  Sigmund (D:6)
  Edmund (D:6)
  2 sky beasts (D:7)
  3 black bears
  An ogre (D:6)
  A bullfrog (D:7)
  A gnoll sergeant (D:6)
  A necrophage (D:5)
  3 scorpions
  A howler monkey (D:6)
  A gnoll bouda (D:5)
  5 hounds
  An orc priest (D:5)
  A jelly (D:4)
  2 iguanas
  5 orc wizards
  9 gnolls
  6 adders
  A shadow imp (D:6)
  2 worms (D:6)
  5 dart slugs
  22 orcs
  5 ball pythons
  7 endoplasms
  4 giant cockroaches
  4 goblins (D:1)
  7 hobgoblins
  3 jackals (D:2)
  4 kobolds
  3 quokkas
  3 bats
  2 frilled lizards (D:1)
  7 rats
126 creatures vanquished.

Vanquished Creatures (others)
  14 plants
14 creatures vanquished.

Grand Total: 140 creatures vanquished

Notes
Turn   | Place    | Note
-------+----------+-------------------------------------------
     0 | D:1      | croobank the Minotaur Fighter began the quest for the Orb.
     0 | D:1      | Reached XP level 1. HP: 19/19 MP: 0/0
   139 | D:1      | Reached XP level 2. HP: 26/27 MP: 1/1
   396 | D:1      | Found a faded altar of an unknown god.
   405 | D:1      | Reached XP level 3. HP: 33/33 MP: 2/2
  1267 | D:2      | Reached XP level 4. HP: 40/40 MP: 3/3
  1647 | D:3      | Identified the +1 leather armour of the Volcano {Harm Drain
                  | Fly Slay+4}
  2091 | D:3      | Found a shimmering blue altar of Sif Muna.
  2327 | D:4      | Reached XP level 5. HP: 47/47 MP: 4/4
  2463 | D:4      | Noticed Grinder
  2469 | D:4      | Killed Grinder
  2470 | D:4      | Reached skill level 5 in Fighting
  2470 | D:4      | Reached skill level 5 in Armour
  2470 | D:4      | Reached skill level 5 in Shields
  2470 | D:4      | Reached XP level 6. HP: 23/56 MP: 5/5
  3377 | D:4      | Reached skill level 5 in Axes
  3385 | D:4      | Reached XP level 7. HP: 62/62 MP: 6/6
  3506 | D:5      | Entered Level 5 of the Dungeon
  3552 | D:5      | Found a staircase to the Ecumenical Temple.
  3585 | Temple   | Entered the Ecumenical Temple
  3686 | Temple   | Became a worshipper of Qazlal Stormbringer
  4053 | D:5      | Reached skill level 1 in Invocations
  4380 | D:5      | Reached XP level 8. HP: 56/71 MP: 8/8
  4663 | D:6      | Noticed Edmund
  4670 | D:6      | Killed Edmund
  4857 | D:6      | Found Kave's Book Shop.
  4902 | D:6      | Learned a level 1 spell: Apportation
  5029 | D:6      | Noticed Maggie
  5100 | D:7      | Found a shimmering altar of Xom.
  5100 | D:7      | Found a hide-covered altar of Uskayaw.
  5126 | D:7      | Found Wekki's Magic Scroll Shoppe.
  5136 | D:7      | Noticed Joseph
  5677 | D:6      | Killed Maggie
  5821 | D:6      | Reached * piety under Qazlal
  6185 | D:6      | Reached XP level 9. HP: 61/66 MP: 10/10
  6239 | D:6      | Noticed Sigmund
  6247 | D:6      | Killed Sigmund
  6783 | D:6      | Found a white marble altar of Elyvilon.
  7275 | D:6      | HP: 1/80 [orc priest/divine providence (17)]
  7277 | D:6      | Mangled by an orc warrior

Illustrated notes

Levels and vault maps discovered:
D:1:      dpeg_arrival_round_b, layout_loops_ring,
          shapermc_ecumenical_altar_mp_highgroup, serial_forest,
          infiniplex_forest_end_double, infiniplex_forest_end_1,
          infiniplex_forest_end_1, infiniplex_forest_straight_4,
          infiniplex_forest_end_1, infiniplex_forest_clump_diagonal,
          infiniplex_forest_zigzag_2, minmay_3d_cube
D:2:      layout_basic
D:3:      layout_rooms, mainiacjoe_overflow_tiny_flanked
D:4:      layout_cave_pods, serial_bayou, serial_bayou_shore_b,
          serial_bayou_pond_e, serial_bayou_ford_a, serial_bayou_lagoon_a,
          minmay_quantized, uniq_grinder
D:5:      layout_loops_ring, minmay_temple_entry_statues
D:6:      layout_basic, kennysheep_little_box, serial_shops, shop_fountains,
          cheibrodos_sewer_entry_bend, uniq_edmund, uniq_sigmund, uniq_maggie
D:7:      layout_gridville, gammafunk_temple_overflow_elements, enter_bailey_5,
          chequers_hall_statues_wall_a, nicolae_take_the_stairs, uniq_duvessa,
          uniq_joseph
Temple:   dpeg_five_rooms_temple

Skill      XL: |  1  2  3  4  5  6  7  8 |
---------------+-------------------------+-----
Fighting       | 4 5 6 7 |  7.8
Armour         | 4 5 6 7 |  7.8
Shields        | 4 5 6 7 |  7.9
Axes           | 3 4 5 7 |  7.4
Invocations    | 1 3 |  3.8

Action                   |  1- 3 |  4- 6 |  7- 9 || total
-------------------------+-------+-------+-------++-------
Melee: War axe           |    76 |    66 |   139 ||   281
       Headbutt          |     9 |     7 |    21 ||    37
Throw: Dart              |       |     1 |       ||     1
Evoke: Wand              |       |       |    15 ||    15
  Use: Scroll            |     5 |     6 |     5 ||    16
       Potion            |       |       |     7 ||     7
Armor: Scale mail        |    35 |     1 |    16 ||    52
       Leather armour    |       |    11 |    13 ||    24
Dodge: Dodged            |    31 |    27 |    53 ||   111
Block: Buckler           |    15 |    12 |    30 ||    57
       Kite shield       |       |       |    23 ||    23
